 Dungeon Crawl Stone Soup version 0.28.0-53-g5a82cb258f (webtiles) character file.

Game seed: 11293272562231245924

1600 safid the Cleaver (level 8, 0/66 HPs)
             Began as a Hill Orc Fighter on Aug 21, 2022.
             Was an Initiate of Okawaru.
             Killed from afar by Dowan (11 damage)
             ... with a stone arrow
             ... on level 5 of the Dungeon.
             The game lasted 00:06:08 (6249 turns).

safid the Cleaver (Hill Orc Fighter)                Turns: 6249, Time: 00:06:09

Health: 0/66       AC:  9    Str: 21    XL:     8   Next: 94%
Magic:  8/8        EV:  9    Int:  8    God:    Okawaru [......]
Gold:   191        SH:  4    Dex: 10    Spells: 7/7 levels left

rFire   . . .      SeeInvis +   a - +0 war axe
rCold   . . .      Faith    .   c - +0 buckler
rNeg    . . .      Spirit   .   b - +0 scale mail
rPois   .          Reflect  .   s - +0 helmet
rElec   .          Harm     .   u - +0 cloak
rCorr   .          Rampage  .   (no gloves)
Will    +....                   (no boots)
Stlth   ..........              (no amulet)
HPRegen 0.21/turn               o - ring of see invisible
MPRegen 0.11/turn               D - ring of willpower

@: no status effects
A: no striking features
a: Renounce Religion


You were on level 5 of the Dungeon.
You worshipped Okawaru.
Okawaru was noncommittal.
You visited 2 branches of the dungeon, and saw 6 of its levels.

You collected 191 gold pieces.

Inventory:

Hand Weapons
 a - a +0 war axe (weapon)
Missiles
 h - 11 poisoned darts (quivered)
 F - 2 throwing nets
Armour
 b - a +0 scale mail (worn)
 c - a +0 buckler (worn)
 s - a +0 helmet (worn)
 u - a +0 cloak (worn)
Jewellery
 o - a ring of see invisible (left hand)
 D - a ring of willpower (right hand)
Wands
 B - a wand of flame (26)
Scrolls
 e - 4 scrolls of fog {unknown}
 i - a scroll of teleportation {unknown}
 k - 2 scrolls of amnesia {unknown}
 m - 3 scrolls of identify {unknown}
 p - a scroll of noise {unknown}
 t - a scroll of fear {unknown}
 v - a scroll of immolation {unknown}
 w - 2 scrolls of enchant weapon {unknown}
 y - 2 scrolls of magic mapping {unknown}
 z - a scroll of acquirement {unknown}
 A - a scroll of blinking {unknown}
 C - a scroll of vulnerability {unknown}
Potions
 d - 2 potions of might
 f - a potion of heal wounds
 g - 2 potions of attraction {unknown}
 j - 2 potions of lignification {unknown}
 l - a potion of brilliance
 n - a potion of berserk rage {unknown}
 q - 2 potions of invisibility {unknown}
 r - 3 potions of mutation {unknown}
 x - 3 potions of curing {unknown}
 E - a potion of haste {unknown}


   Skills:
 - Level 4.0 Fighting
 + Level 13.6 Axes
 - Level 4.0 Armour
 - Level 4.0 Shields


You had 7 spell levels left.
You didn't know any spells.
Your spell library contained the following spells:

 Spells                   Type           Power      Damage    Failure   Level
 Sting                    Tmut/Pois      0%         1d3       83%         1
 Poisonous Vapours        Pois/Air       0%         N/A       92%         2
 Olgreb's Toxic Radiance  Pois           0%         N/A       100%        4


Dungeon Overview and Level Annotations

Branches:
Dungeon (5/15)             Temple (1/1) D:5

Altars:
Cheibriados
Elyvilon
Gozag
Hepliaklqana
Kikubaaqudgha
Makhleb
Nemelex Xobeh
Okawaru
Qazlal
Uskayaw
Vehumet
Wu Jian
Yredelemnul
Zin
The Shining One

Shops:
D:4 (

Annotations:
D:5 Dowan


Message History

You kill Duvessa!
Okawaru accepts your kill.
Dowan seems overcome with grief.
Dowan seems to find hidden reserves of power!
You slash Dowan! Dowan hits you but does no damage. Dowan barely misses you.
Unknown command.
You miss Dowan.
Dowan is severely wounded.
Dowan hits you but does no damage.
Unknown command.
You closely miss Dowan.
Dowan is severely wounded.
Dowan barely misses you.
You miss Dowan.
Dowan is severely wounded.
Dowan mumbles some strange words.
Dowan blinks!
Dowan mumbles some strange words.
Dowan blinks!
You closely miss Dowan.
Dowan is heavily wounded.
Dowan casts a spell.
Dowan blinks!
Dowan casts a spell at you. The stone arrow hits you!!
* * * LOW HITPOINT WARNING * * *
There is a stone staircase leading up, spattered with blood here.
You barely miss Dowan.
Dowan is heavily wounded.
Dowan points at you and mumbles some strange words.
You block the stone arrow.
You barely miss Dowan.
Dowan is heavily wounded.
Dowan closely misses you.
You closely miss Dowan.
Dowan is heavily wounded.
You block Dowan's attack. Dowan casts a spell at you. The stone arrow hits you!
You die...

#.........>.......###..#
#..##..##....#....# #..#
#..##.#..#....#...# #..#
...##....#.#..#...# #).......
#.####..#...##....###.#######
#.# ##...............# [..
##.#####.#...##.. #.#. #.
#...e#.###" ..... .. #.#.#@♣
♣ + #.# ## #§##...♣ ...
.......).♣ . . ###.##...♣ #
#.#.' ...#♣. ##.# .# #. .. #.
♣♣♣


You could see Dowan (fast, empowered).

Vanquished Creatures
  Pikel (D:5)
  Grinder (D:3)
  2 water moccasins
  Duvessa (D:5)
  A centaur (D:4)
  An ogre (D:5)
  A bullfrog (D:4)
  A centaur skeleton (D:4)
  2 gnoll shamans
  Terence (D:3)
  2 hound skeletons (D:4)
  Robin (D:3)
  13 gnolls
  11 adders
  2 worms (D:3)
  6 dart slugs
  An orc (D:3)
  3 ball pythons
  6 endoplasms
  3 giant cockroaches
  11 goblins
  9 hobgoblins
  7 jackals
  8 kobolds
  7 quokkas
  9 bats
  4 frilled lizards
  8 rats
123 creatures vanquished.

Notes
Turn   | Place    | Note
-------+----------+-------------------------------------------
     0 | D:1      | safid the Hill Orc Fighter began the quest for the Orb.
     0 | D:1      | Reached XP level 1. HP: 19/19 MP: 1/1
   200 | D:1      | Reached skill level 3 in Axes
   200 | D:1      | Reached XP level 2. HP: 27/27 MP: 2/2
   571 | D:1      | Found a faded altar of an unknown god.
   942 | D:2      | Reached XP level 3. HP: 32/33 MP: 3/3
  1196 | D:2      | Reached XP level 4. HP: 25/40 MP: 4/4
  1488 | D:2      | Reached skill level 4 in Axes
  2171 | D:3      | Reached skill level 5 in Axes
  2242 | D:3      | Noticed Grinder
  2245 | D:3      | Paralysed by Grinder for 3 turns
  2246 | D:3      | Reached XP level 5. HP: 42/46 MP: 5/5
  2258 | D:3      | Killed Grinder
  2259 | D:3      | Reached skill level 7 in Axes
  2259 | D:3      | Reached XP level 6. HP: 7/52 MP: 6/6
  2924 | D:3      | Reached skill level 8 in Axes
  3238 | D:3      | Noticed Terence
  3254 | D:3      | Killed Terence
  3383 | D:3      | Noticed Robin
  3401 | D:3      | Killed Robin
  3402 | D:3      | Reached XP level 7. HP: 50/59 MP: 7/7
  3726 | D:4      | Reached skill level 9 in Axes
  4826 | D:4      | Reached skill level 10 in Axes
  5046 | D:4      | Found Ygoamad's Antique Weapon Boutique.
  5250 | D:4      | Found a hide-covered altar of Uskayaw.
  5417 | D:5      | Entered Level 5 of the Dungeon
  5454 | D:5      | Noticed Pikel
  5469 | D:5      | Killed Pikel
  5470 | D:5      | Reached skill level 12 in Axes
  5470 | D:5      | Reached XP level 8. HP: 40/66 MP: 8/8
  5594 | D:5      | Found a burning altar of Makhleb.
  5737 | D:5      | Reached skill level 13 in Axes
  5895 | D:5      | Found a sparkling altar of Nemelex Xobeh.
  5971 | D:5      | Found a staircase to the Ecumenical Temple.
  6017 | Temple   | Entered the Ecumenical Temple
  6200 | Temple   | Became a worshipper of Warmaster Okawaru
  6227 | D:5      | Noticed Dowan
  6228 | D:5      | Noticed Duvessa
  6240 | D:5      | Killed Duvessa
  6249 | D:5      | Killed from afar by Dowan

Illustrated notes

Levels and vault maps discovered:
D:1:      psy_arrival_dodecagon, layout_basic,
          shapermc_ecumenical_altar_acropolis
D:2:      minmay_chambers_of_twos, layout_basic
D:3:      layout_basic, uniq_grinder, uniq_robin, uniq_terence
D:4:      layout_loops_ring, lemuel_doored_altar, serial_shops,
          nicolae_take_the_stairs, grunt_decor_arrowhead, chequers_mini_garden
D:5:      layout_loops_ring, amcnicky_altar_gilded,
          nicolae_ru_great_annihilating_truth, nemelex_dance_club_becter,
          mainiacjoe_overflow_six_doors_small, minmay_temple_entry_mini_moons,
          uniq_pikel, uniq_duvessa
Temple:   minmay_temple_bridge_abc

Skill      XL: |  1  2  3  4  5  6  7  8 |
---------------+-------------------------+-----
Axes           | 3 5 7 8 12 13 | 13.6
Fighting       | 4 |  4.0
Armour         | 4 |  4.0
Shields        | 4 |  4.0

Action                   |  1- 3 |  4- 6 |  7- 9 || total
-------------------------+-------+-------+-------++-------
Melee: War axe           |    51 |   167 |   170 ||   388
Armor: Scale mail        |    26 |    84 |    67 ||   177
Dodge: Dodged            |    17 |    78 |    85 ||   180
Block: Buckler           |    19 |    53 |    41 ||   113
